Unix NetHack Version 3.7.0-94 Work-in-progress - last build Dec 18 2023 00:11:04 (7e3deff068b9ef4f2ebb9a71ea0f5c4a3b578a14,branch:master). Game began 2023-12-23 22:37:38, ended 2023-12-25 17:33:43. wangpang, neutral male human Barbarian ---------------------------------------------- |......................@......!..............--- --.............................................- ---....................).................## ---.........................)%........## ---................................## ---...!.!/.................[....## ---..........................## ---.......................## ---....................## ---...(.............## ---..............## ---.....%.....## ---........## --..!..## --.... --.. --- Wangpang the Bandit St:18/01 Dx:16 Co:18 In:7 Wi:7 Ch:7 Neutral Dlvl:11 $:542 HP:0(59) Pw:15(15) AC:5 Xp:6/512 T:3687 Satiated Blind Latest messages: You hear a monster behind the boulder. Perhaps that's why you cannot move it. You hear a monster behind the boulder. Perhaps that's why you cannot move it. You escape a web. The door resists! The door opens. You smite the giant beetle! You smite the giant beetle! You kill the giant beetle! You see here a giant beetle corpse. There is a giant beetle corpse here; eat it? [ynq] (n) y Ecch - that must have been poisonous! You seem unaffected by the poison. You finish eating the giant beetle corpse. You receive a faint telepathic message from Pelias: Your help is urgently needed at the Camp of the Duali Tribe! Look for a ...ic transporter. You couldn't quite make out that last message. The Grey-elf picks up a pancake. Pick an object. Really save? [yn] (n) y Saving... Restoring save file... Hello wangpang, the human Barbarian, welcome back to NetHack! Pick an object. The wood nymph picks up a gem. The Grey-elf hurls a brilliant blue potion! The jar crashes on the gecko's head and breaks into shards. The brilliant blue potion evaporates. Call a brilliant blue potion: ? You kill the gecko! The yellow light explodes! You are blinded by a blast of light! You are hit. It hits! You try to feel what is lying here on the floor. You feel here a runed spear. It hits! Wait! There's something there you can't see! You smite it. It hits! You smite it. It bites! It hits! You harmlessly attack the staircase up. It bites! It hits! You die... Do you want your possessions identified? [ynq] (y) n Do you want to see your attributes? [ynq] (y) y Do you want an account of creatures vanquished? [ynaq] (y) n Do you want to see your conduct and achievements? [ynq] (y) n Do you want to see the dungeon overview? [ynq] (y) n Inventory: Coins $ - 542 gold pieces Weapons b - a +0 axe (alternate weapon; not wielded) E - a +0 long sword r - a +0 scimitar a - a +0 two-handed sword (weapon in hands) Armor s - an uncursed +0 orcish helm (being worn) w - an uncursed +0 pair of high boots H - an uncursed +0 pair of iron shoes t - an uncursed +0 pair of speed boots (being worn) c - an uncursed +0 ring mail (being worn) Comestibles d - 2 uncursed food rations D - an uncursed food ration F - an uncursed fortune cookie Scrolls I - an uncursed scroll of create monster K - a blessed scroll of enchant armor j - an uncursed scroll of identify p - an uncursed scroll of light x - an uncursed scroll of remove curse Spellbooks L - an uncursed spellbook of drain life B - an uncursed spellbook of turn undead Potions M - an uncursed potion of gain level C - an uncursed potion of object detection Rings f - a cursed -1 ring of gain constitution Tools l - a can of grease (0:22) Gems/Stones J - an uncursed worthless piece of violet glass Wangpang the Barbarian's attributes: Background: You were a Bandit, a level 6 male human Barbarian. You were neutral, on a mission for Crom who was opposed by Mitra (lawful) and Set (chaotic). You were right-handed. You were in the Dungeons of Doom, on level 11. You entered the dungeon 3687 turns ago. You had 512 experience points, 128 more were needed to attain level 7. Basics: You had 0 out of 59 hit points. You had all 15 energy points (spell power). Your armor class was 5. Your wallet contained 542 zorkmids. Autopickup was on for '$?!/="+*' plus thrown, with exceptions. Final Characteristics: Your strength was 18/01 (peak:18/02, limit:18/100). Your dexterity was 16 (limit:18). Your constitution was 18 (limit:18). Your intelligence was 7 (limit:18). Your wisdom was 7 (limit:18). Your charisma was 7 (limit:18). Final Status: You were temporarily blind. You were satiated. You were unencumbered. You were wielding a two-handed sword. You were skilled in two-handed sword. Final Attributes: You were piously aligned. You were poison resistant. You were warded. You were very fast. You are dead. Miscellaneous: You disabled loading of bones levels. Total elapsed playing time was 29 minutes and 32 seconds. Major events: Turn 1: wangpang the neutral male human Barbarian entered the dungeon 1620: attained the rank of Pillager (level 3) 3308: attained the rank of Bandit (level 6) 3678: entered the Bigroom 3687: killed by a Grey-elf Vanquished creatures: a giant beetle a giant spider a gold golem a lizard a jaguar a soldier ant a bugbear a mountain nymph a yellow light a gnome leader 3 giant ants a little dog a homunculus a kobold leader a kobold shaman a hill orc 2 centipedes 4 iguanas 2 coyotes 2 hobgoblins 3 giant rats a cave spider a green mold a red mold a gnome 2 geckos 8 jackals a fox 2 goblins a sewer rat 10 grid bugs 2 lichens a kobold zombie 3 newts 65 creatures vanquished. No species were genocided or became extinct. Voluntary challenges: You read items or engraved 1 time. You never engraved Elbereth. You never genocided any monsters. You never polymorphed an object. You never changed form. You used no wishes. Achievements: You attained the rank of Pillager. You attained the rank of Bandit. You entered the Big Room. The Dungeons of Doom: levels 1 to 11 Level 1: A fountain. Level 2: A fountain, a grave. Level 3: An altar, a fountain. Level 4: Level 5: Many fountains. Level 6: Level 7: Some fountains. Level 8: Some fountains, a grave. Level 9: A throne. Level 10: Level 11: <- You were here. A very big room. Summoned by Pelias. Final resting place for you, killed by a Grey-elf. Game over: ---------- / \ / REST \ / IN \ / PEACE \ / \ | wangpang | | 542 Au | | killed by a | | Grey-elf | | | | | | 2023 | *| * * * | * _________)/\\_//(\/(/\)/\//\/|_)_______ Goodbye wangpang the Barbarian... You died in The Dungeons of Doom on dungeon level 11 with 3066 points, and 542 pieces of gold, after 3687 moves. You were level 6 with a maximum of 59 hit points when you died.